 Dungeon Crawl Stone Soup version 0.17.1-3-g152610e (webtiles) character file.

240 Zetta the Magician (level 5, -4/24 HPs)
             Began as a Spriggan Wizard on Feb 18, 2016.
             Was an Initiate of Dithmenos.
             Shot with an arrow by a centaur (7 damage)
             ... on level 5 of the Dungeon.
             The game lasted 00:46:04 (5890 turns).

Zetta the Magician (Spriggan Wizard)                Turns: 5890, Time: 00:46:04

Health: -4/24      AC:  3    Str:  3    XL:     5   Next: 79%
Magic:  14/14      EV: 19    Int: 19    God:    Dithmenos [......]
Gold:   275        SH:  0    Dex: 16    Spells: 4 memorised, 7 levels left

rFire  . . .     SeeInvis +     k - +1 short sword (speed)
rCold  . . .     Clarity  .     a - +0 robe
rNeg   . . .     SustAt   .     (shield restricted)
rPois  .         Gourm    .     b - +1 hat
rElec  .         Spirit   .     (no cloak)
rCorr  .         Warding  .     (gloves unavailable)
rMut   .         Stasis   .     (boots unavailable)
MR     .....                    (no amulet)
Stlth  +++.......               (no ring)
                                (no ring)

@: very quick, not resistant to hostile enchantments, fairly stealthy
A: unfitting armour, see invisible, herbivore 3, speed 3, slow metabolism 2
a: Renounce Religion


You were on level 5 of the Dungeon.
You worshipped Dithmenos.
Dithmenos was noncommittal.
You were full.

You visited 2 branches of the dungeon, and saw 6 of its levels.

You collected 275 gold pieces.

Inventory:

Hand Weapons
 k - a +1 short sword of speed (weapon)
Armour
 a - a +0 robe (worn)
 b - a +1 hat (worn)
Wands
 n - a wand of frost (16)
Scrolls
 e - a scroll of fog
 i - 4 scrolls of identify
 l - a scroll of remove curse
 o - 2 scrolls of teleportation
Potions
 g - 4 potions of curing
Books
 c - a book of Minor Magic

   Spells                             Type                      Level
   a - Magic Dart                     Conjuration                  1
   b - Blink                          Translocation                2
   c - Call Imp                       Summoning                    2
   d - Repel Missiles                 Charms/Air                   2
   e - Slow                           Hexes                        2
   f - Conjure Flame                  Conjuration/Fire             3
   g - Mephitic Cloud                 Conjuration/Poison/Air       3
Comestibles
 d - 4 bread rations
 h - a slice of pizza


   Skills:
 - Level 4.4 Dodging
 - Level 5.0 Stealth
 - Level 5.7 Spellcasting
 - Level 0.6 Conjurations
   Level 0.7 Summonings
 - Level 1.5 Translocations
 + Level 1.9 Air Magic
 + Level 1.6 Poison Magic


You had 7 spell levels left.
You knew the following spells:

 Your Spells              Type           Power        Failure   Level  Hunger
a - Magic Dart            Conj           #...         10%         1    None
b - Blink                 Tloc           N/A          12%         2    None
c - Repel Missiles        Chrm/Air       #.....       14%         2    None
d - Mephitic Cloud        Conj/Pois/Air  ##......     21%         3    ##.....


Dungeon Overview and Level Annotations

Branches:
Dungeon (5/15)             Temple (1/1) D:5

Altars:
Ashenzari
Cheibriados
Dithmenos
Elyvilon
Fedhas
Gozag
Kikubaaqudgha
Makhleb
Nemelex Xobeh
Okawaru
Ru
Sif Muna
Vehumet
Xom
Yredelemnul
Zin
The Shining One

Shops:
D:4 !

Annotations:
D:3 MrTails's ghost, amateur GrFi
D:5 bl4d3's ghost, novice GrFE


Innate Abilities, Weirdness & Mutations

You are tiny and cannot use many weapons and most armour.
You have supernaturally acute eyesight.
You are a herbivore.
You cover ground extremely quickly.
You need consume almost no food.


Message History

You hit the centaur.
The centaur is lightly wounded.
The centaur ponders the situation.
The centaur closely misses you.
You hit the centaur.
The centaur is moderately wounded.
You hit the centaur but do no damage.
The centaur is moderately wounded.
The centaur seems less confused.
The centaur misses you. The centaur completely misses you.
You hit the centaur.
The centaur is heavily wounded.
The centaur hits you!
The centaur wields an uncursed shortbow.
The centaur shoots an arrow.
The arrow hits you!
* * * LOW HITPOINT WARNING * * *
Bl4d3's ghost turns its malevolent gaze towards you.
You see here an arrow.
The centaur shoots an arrow.
The arrow hits you!
You die...

##...##...
##..........##
#............#
#............#
#.............##
##..............
###...#.........
#.........†......
#.....@.(.....#.
#....(......#.#.
#..>......###..#
#.c.......## #.#
#..........###.# #####
###..W.........##.....
#.###.##....<...# #.#
#.###.......#### #.#
#.# #.....#.....#


You could see a centaur and bl4d3's ghost.

Vanquished Creatures
  A hound (D:4)
  Terence (D:2)
  A worker ant (D:4)
  Robin (D:2)
  A gnoll (D:4)
  6 adders
  2 oozes (D:1)
  3 giant geckos
  2 orcs (D:4)
  A ball python (D:2)
  5 bats
  5 giant cockroaches
  15 goblins
  12 hobgoblins
  7 kobolds
  A quokka (D:5)
  5 giant newts
  A jackal skeleton (D:4)
  9 rats
79 creatures vanquished.

Vanquished Creatures (others)
  An adder (D:4)
  2 orcs (D:4)
  2 giant cockroaches (D:4)
5 creatures vanquished.

Grand Total: 84 creatures vanquished

Notes
Turn   | Place    | Note
--------------------------------------------------------------
     0 | D:1      | Zetta the Spriggan Wizard began the quest for the Orb.
     0 | D:1      | Reached XP level 1. HP: 9/9 MP: 6/6
   341 | D:1      | Reached XP level 2. HP: 10/13 MP: 1/8
   349 | D:1      | Learned a level 2 spell: Blink
   591 | D:1      | Learned a level 2 spell: Repel Missiles
  1310 | D:1      | Reached XP level 3. HP: 16/16 MP: 2/10
  1405 | D:2      | Found a sparkling altar of Nemelex Xobeh.
  1496 | D:2      | Noticed Robin
  1738 | D:2      | Killed Robin
  1738 | D:2      | Reached skill level 5 in Spellcasting
  1791 | D:2      | Learned a level 3 spell: Mephitic Cloud
  2005 | D:2      | Reached XP level 4. HP: 21/21 MP: 6/12
  2674 | D:2      | Noticed Terence
  2728 | D:2      | Killed Terence
  2728 | D:2      | Reached skill level 5 in Stealth
  2728 | D:2      | Reached skill level 1 in Air Magic
  3172 | D:3      | Reached XP level 5. HP: 24/24 MP: 6/13
  3848 | D:3      | Noticed MrTails's ghost (amateur GrFi)
  4170 | D:4      | Found Taray's Distillery.
  4270 | D:4      | Reached skill level 1 in Poison Magic
  4335 | D:4      | Found a glowing silver altar of Zin.
  4335 | D:4      | Found a glowing golden altar of the Shining One.
  4336 | D:4      | Found a white marble altar of Elyvilon.
  4353 | D:4      | Found a shimmering altar of Xom.
  5111 | D:5      | Entered Level 5 of the Dungeon
  5176 | D:5      | Found a staircase to the Ecumenical Temple.
  5182 | Temple   | Entered the Ecumenical Temple
  5230 | Temple   | Became a worshipper of Dithmenos the Shadowed
  5589 | D:5      | Noticed a centaur
  5592 | D:5      | Noticed bl4d3's ghost (novice GrFE)
  5890 | D:5      | Shot with an arrow by a centaur

Action                   |  1- 3 |  4- 6 || total
-------------------------+-------+-------++-------
Melee: Dagger            |    17 |       ||    17
       Short sword       |       |    72 ||    72
 Cast: Magic Dart        |    88 |    92 ||   180
       Mephitic Cloud    |     2 |    14 ||    16
Evoke: Wand              |       |     3 ||     3
  Use: Scroll            |     5 |     4 ||     9
       Potion            |     1 |     6 ||     7
 Stab: Confused          |     1 |    13 ||    14
       Sleeping          |       |     7 ||     7
  Eat: Bread ration      |       |     1 ||     1
       Pizza             |       |     1 ||     1
